 Dungeon Crawl Stone Soup version 0.22-a0-565-gfc6459a (webtiles) character file.

74 KristoblXynda the Shield-Bearer (level 4, 0/57 HPs)
             Began as a Draconian Fighter on June 24, 2018.
             Slain by a hobgoblin
             ... wielding a +0 club
              (4 damage)
             ... on level 2 of the Dungeon on June 28, 2018.
             The game lasted 00:04:10 (818 turns).

KristoblXynda the Shield-Bearer (Draconian Fighter)  Turns: 818, Time: 00:04:11

Health: 0/57       AC:  6    Str: 24    XL:     4   Next: 10%
Magic:  4/4        EV: 10    Int:  9    God:
Gold:   108        SH:  9    Dex: 10    Spells: 3/3 levels left

rFire    . . .     SeeInvis .   a - +0 war axe
rCold    . . .     Gourm    .   b - +0 shield
rNeg     . . .     Faith    .   (armour unavailable)
rPois    .         Spirit   .   (helmet restricted)
rElec    .         Reflect  .   h - +0 cloak
rCorr    .         Harm     .   (no gloves)
MR       .....                  (no boots)
Stlth    ..........             (no amulet)
HPRegen  0.19/turn              (no ring)
MPRegen  0.09/turn              (no ring)

@: berserking, lethally poisoned (0 -> -8), very quick
A: unfitting armour, cold-blooded, AC +5
a: no special abilities


You were on level 2 of the Dungeon.
You were not hungry.

You visited 1 branch of the dungeon, and saw 2 of its levels.

You collected 108 gold pieces.

Inventory:

Hand Weapons
 a - a +0 war axe (weapon)
Missiles
 l - 2 throwing nets (quivered)
Armour
 b - a +0 shield (worn)
 h - a +0 cloak (worn)
Jewellery
 g - a cursed amulet of inaccuracy {unknown}
 m - an uncursed amulet of magic regeneration {unknown}
Scrolls
 f - 2 scrolls of identify {unknown}
 i - a scroll of enchant armour {unknown}
 k - a scroll of amnesia {unknown}
Potions
 c - a potion of might
 j - a potion of cancellation {unknown}
 p - a potion of haste {unknown}
Comestibles
 d - 2 rations
 o - a chunk of flesh


   Skills:
 - Level 3.2 Fighting
 * Level 3.4 Axes
 + Level 3.2 Dodging
 + Level 3.5 Shields


You had 3 spell levels left.
You didn't know any spells.
Your spell library was empty.

Dungeon Overview and Level Annotations

Branches:
Dungeon (2/15)

Altars:
Uskayaw


Innate Abilities, Weirdness & Mutations

Your plain brown scales are hard. (AC +5)
You cannot fit into any form of body armour.
You are cold-blooded and may be slowed by cold attacks.


Message History

The worker ant is almost dead.
You feel sick. The worker ant barely misses you. The worker ant bites you.
Your shield prevents you from hitting the worker ant.
The worker ant is almost dead.
You feel sick. The worker ant bites you!
* * * LOW HITPOINT WARNING * * *
The worker ant closely misses you.
You slash the worker ant!
You kill the worker ant!
You have reached level 4!
You feel clever.
* * * LOW HITPOINT WARNING * * *
You feel sick.
The hobgoblin hits you but does no damage.
It was a potion of berserk rage.
A red film seems to cover your vision as you go berserk!
You feel yourself moving faster!
You feel mighty!
* * * LOW HITPOINT WARNING * * *
You feel sick. The hobgoblin hits you with a club.
You die...

. #...# #...#
#...# # #...# ..
##.######... #.
#........#
###..##..#####.#.
.........##......
.#......@...#
##..###g####
..... #........
.### ........#
#.##...... #.
.####. #. .# .. #
..


You could see a hobgoblin.

Vanquished Creatures
  A worker ant (D:2)
  An adder (D:2)
  A worm (D:2)
  2 dart slugs
  8 bats
  4 giant cockroaches (D:1)
  2 goblins
  3 hobgoblins
  4 kobolds (D:1)
  A quokka (D:2)
  A ball python (D:1)
  A frilled lizard (D:1)
  4 rats
33 creatures vanquished.

Vanquished Creatures (others)
  A plant (D:1)
1 creature vanquished.

Grand Total: 34 creatures vanquished

Notes
Turn   | Place    | Note
-------+----------+-------------------------------------------
     0 | D:1      | KristoblXynda the Draconian Fighter began the quest for the Orb.
     0 | D:1      | Reached XP level 1. HP: 19/19 MP: 1/1
     0 | D:1      | Upgraded the game from 0.22-a0-542-gce4f928 to 0.22-a0-553-g9358b0b
     0 | D:1      | Upgraded the game from 0.22-a0-553-g9358b0b to 0.22-a0-565-gfc6459a
   131 | D:1      | Reached XP level 2. HP: 23/26 MP: 2/2
   639 | D:1      | Reached XP level 3. HP: 31/31 MP: 3/3
   700 | D:2      | Found a hide-covered altar of Uskayaw.
   817 | D:2      | Reached XP level 4. HP: 4/38 MP: 4/4
   818 | D:2      | Slain by a hobgoblin

Vault maps used:
D:1:      tarquinn_simple_flora_water_d, serial_forest,
          infiniplex_forest_clump_long, infiniplex_forest_clump_long,
          infiniplex_forest_straight_3, infiniplex_forest_lined_room_2,
          infiniplex_forest_lined_room_3, infiniplex_forest_straight_4,
          infiniplex_forest_lined_room_2
D:2:      eat_drink_and_be_merry_uskayaw

Skill      XL: |  1  2  3 |
---------------+----------+-----
Dodging        | 3 |  3.2
Axes           | 3 |  3.4
Fighting       | |  3.2
Shields        | |  3.5

Action                   |  1- 3 |  4- 6 || total
-------------------------+-------+-------++-------
Melee: War axe           |    85 |       ||    85
       Tailslap          |     8 |       ||     8
  Use: Potion            |     1 |     1 ||     2
 Stab: Sleeping          |     2 |       ||     2
Armor: Skin              |    28 |     1 ||    29
Dodge: Dodged            |    49 |       ||    49
Block: Shield            |    47 |       ||    47

Table legend:
 A = Spawn XP
 B = Non-spawn XP
 C = Spawn XP percentage of total XP
 D = Spawn monster count
 E = Non-spawn monster count
 F = Spawn count percentage of total count
 G = Total turns spent on level
                    A         B        C        D         E        F      G
               +---------+---------+-------+---------+---------+-------+---------
         Total |       0 |     107 |   0.0 |       0 |      33 |   0.0 |   818
               +---------+---------+-------+---------+---------+-------+---------
           D:1 |       0 |      41 |   0.0 |       0 |      23 |   0.0 |   665
           D:2 |       0 |      66 |   0.0 |       0 |      10 |   0.0 |   153
               +---------+---------+-------+---------+---------+-------+---------
